 Dungeon Crawl Stone Soup version 0.28.0 (webtiles) character file.

Game seed: 10562009400719335102

7445 Dorkslayer the Cleaver (level 11, -3/95 HPs)
             Began as a Hill Orc Fighter on July 25, 2022.
             Was an Initiate of Gozag.
             Slain by a cyclops (17 damage)
             ... on level 10 of the Dungeon.
             The game lasted 00:50:42 (9973 turns).

Dorkslayer the Cleaver (Hill Orc Fighter)           Turns: 9973, Time: 00:50:43

Health: -3/95      AC: 16    Str: 28    XL:     11   Next: 15%
Magic:  11/11      EV:  9    Int:  8    God:    Gozag
Gold:   1185       SH:  5    Dex: 12    Spells: 10/10 levels left

rFire   + . .      SeeInvis +   s - +2 war axe (venom)
rCold   + . .      Faith    .   c - +0 buckler
rNeg    . . .      Spirit   .   w - +2 chain mail {rPois}
rPois   +          Reflect  .   q - +2 helmet
rElec   .          Harm     .   j - scarf {rC+ rF+}
rCorr   .          Rampage  .   (no gloves)
Will    .....                   (no boots)
Stlth   ..........              (no amulet)
HPRegen 0.25/turn               p - ring of see invisible
MPRegen 0.12/turn               y - +6 ring of strength

@: no status effects
A: no striking features
a: Renounce Religion, Potion Petition, Call Merchant, Bribe Branch


You were on level 10 of the Dungeon.
You worshipped Gozag.
Gozag was most pleased with you.
You visited 2 branches of the dungeon, and saw 11 of its levels.
You also visited: Ossuary.

You collected 1456 gold pieces.
You spent 222 gold pieces at shops.
You paid 49 gold pieces to Gozag.

Inventory:

Hand Weapons
 a - a +1 war axe
 s - a +2 war axe of venom (weapon)
Missiles
 m - 41 poisoned darts (quivered)
 r - 6 javelins
Armour
 c - a +0 buckler (worn)
 g - a +0 helmet
 i - a +0 plate armour
 j - a scarf of resistance (worn)
 q - a +2 helmet (worn)
 w - a +2 chain mail of poison resistance (worn)
Jewellery
 d - a ring of protection from fire
 k - a ring of positive energy
 p - a ring of see invisible (left hand)
 y - a +6 ring of strength (right hand)
Wands
 z - a wand of flame (29)
Scrolls
 l - 3 scrolls of teleportation
 n - 2 scrolls of amnesia
 v - 2 scrolls of holy word
Potions
 b - 3 potions of brilliance
 e - 2 potions of magic
 f - 3 potions of curing
 h - 2 potions of flight {unknown}
 o - 2 potions of haste
 t - a potion of lignification {unknown}
 x - a potion of ambrosia


   Skills:
 + Level 8.9 Fighting
 + Level 14.2 Axes
 + Level 1.0 Throwing
 + Level 8.9 Armour
 + Level 2.6 Dodging
 + Level 3.0 Stealth
 + Level 6.4 Shields
 * Level 3.2 Evocations


You had 10 spell levels left.
You didn't know any spells.
Your spell library contained the following spells:

 Spells                   Type           Power      Damage    Failure   Level
 Static Discharge         Conj/Air       0%         N/A       98%         2
 Conjure Flame            Conj/Fire      0%         6-21      100%        3
 Ignite Poison            Fire/Tmut/Pois 0%         N/A       100%        3
 Petrify                  Tmut/Erth      0%         N/A       100%        4
 Sticky Flame             Conj/Fire      0%         2d3       100%        4
 Lightning Bolt           Conj/Air       0%         1d11      100%        5
 Metabolic Englaciation   Hex/Ice        0%         N/A       100%        5
 Statue Form              Tmut/Erth      0%         N/A       100%        6
 Maxwell's Capacitive Co  Air            0%         ∞         100%        8


Dungeon Overview and Level Annotations

Branches:
Dungeon (10/15)            Temple (1/1) D:5            Lair (0/6) D:8
Ossuary (visited)
    Orc: D:9-12

Altars:
Dithmenos
Gozag
Hepliaklqana
Kikubaaqudgha
Nemelex Xobeh
Okawaru
Ru
Trog
Uskayaw
Vehumet
Yredelemnul
Zin
The Shining One

Shops:
D:6 [   D:8 :   D:9 *

Annotations:
D:9 malcoda's ghost, journeyman NaBe


Message History

a +0 short sword; a +0 dagger; a +0 robe A cyclops comes into view.
The cyclops shouts!
The kobold brigand hits you with a +0 short sword.
You see here a +0 whip.
You slash the kobold brigand!
The kobold brigand is severely wounded.
You miss the kobold brigand.
The kobold brigand is severely wounded.
The kobold brigand hits you with a +0 short sword.
You barely miss the kobold brigand.
The kobold brigand is severely wounded.
The kobold brigand hits you but does no damage.
The cyclops throws a large rock.
The large rock closely misses you.
You slash the kobold brigand!
The kobold brigand looks as sick as possible!
The kobold brigand is almost dead.
You kill the kobold brigand!
There is an open door, spattered with blood here.
Things that are here:
a +0 short sword; a +0 dagger; a +0 robe
There is an open door, spattered with blood here.
Things that are here:
a +0 short sword; a +0 dagger; a +0 robe You slash the cyclops!
The cyclops is poisoned.
The cyclops is moderately wounded.
The cyclops hits you!!
* * * LOW HITPOINT WARNING * * *
You hit the cyclops but do no damage.
The cyclops looks as sick as possible!
The cyclops is moderately wounded.
You hit the cyclops.
The cyclops looks as sick as possible!
The cyclops is moderately wounded.
You block the cyclops's attack.
You barely miss the cyclops.
The cyclops is moderately wounded.
You hit the cyclops.
The cyclops looks as sick as possible!
The cyclops is heavily wounded.
The cyclops hits you!
You die...
Your body crumbles into a pile of gold.

........#
#>......#
#.......#
#.......#
#.......#
#######.......#
........$.....#
.......)C)....#
....####@##...#
. #...).# ..# $
#.....# .#
#.....# #
#######


You could see a cyclops (extremely poisoned).

Vanquished Creatures
  A wizard (D:9)
  Joseph (D:9)
  2 kobold demonologists (D:10)
  Sigmund (D:2)
  5 yaks (D:8)
  A steam dragon (D:8)
  Edmund (D:4)
  4 water moccasins
  4 orc warriors
  6 ice beasts
  A black bear (D:8)
  A sky beast (D:8)
  2 necrophages
  2 centaurs
  3 phantoms
  6 kobold brigands
  8 bullfrogs
  2 scorpions
  A water moccasin zombie (D:5)
  6 killer bees (D:9)
  A water moccasin skeleton (D:6)
  6 howler monkeys
  4 centaur zombies
  2 bullfrog zombies (D:6)
  A jelly (D:5)
  A gnoll shaman (D:8)
  4 hounds
  2 centaur skeletons
  5 orc priests
  Crazy Yiuf (D:2)
  A bullfrog skeleton (D:5)
  Terence (D:2)
  2 iguanas
  7 orc wizards
  A killer bee zombie (D:7)
  8 mummies (Ossuary)
  10 gnolls
  8 adders
  A shadow imp (D:6)
  A white imp (D:7)
  An ufetubus (D:3)
  3 worms
  5 dart slugs
  12 orcs
  6 bats
  4 bat zombies (D:5)
  6 endoplasms
  3 giant cockroaches
  A gnoll zombie (Ossuary)
  3 hobgoblins
  7 jackals
  3 quokkas
  3 ball pythons
  2 frilled lizards (D:1)
  6 goblins
  2 hobgoblin zombies (Ossuary)
  A jackal zombie (D:3)
  16 kobolds
  3 kobold zombies (Ossuary)
  2 orc zombies (Ossuary)
  2 quokka zombies (D:6)
  7 rats
  A rat zombie (D:5)
  A spectral orc (D:6)
225 creatures vanquished.

Vanquished Creatures (others)
  45 fungi
  54 plants (D:8)
99 creatures vanquished.

Grand Total: 324 creatures vanquished

Notes
Turn   | Place    | Note
-------+----------+-------------------------------------------
     0 | D:1      | Dorkslayer the Hill Orc Fighter began the quest for the
                  | Orb.
     0 | D:1      | Reached XP level 1. HP: 19/19 MP: 1/1
   107 | D:1      | Reached XP level 2. HP: 18/27 MP: 2/2
   436 | D:1      | Found a faded altar of an unknown god.
   663 | D:2      | Reached skill level 3 in Axes
   663 | D:2      | Reached XP level 3. HP: 23/33 MP: 3/3
   758 | D:2      | Found a runed translucent door.
   759 | D:2      | Noticed Crazy Yiuf
   819 | D:2      | Noticed Sigmund
   827 | D:2      | Killed Sigmund
   828 | D:2      | Reached skill level 5 in Axes
   828 | D:2      | Reached XP level 4. HP: 37/41 MP: 4/4
   828 | D:2      | Reached XP level 5. HP: 43/47 MP: 5/5
  1143 | D:2      | Reached XP level 6. HP: 26/55 MP: 6/6
  1324 | D:2      | Noticed Terence
  1332 | D:2      | Killed Terence
  1480 | D:2      | Found a radiant altar of Vehumet.
  1854 | D:3      | Reached skill level 5 in Fighting
  2121 | D:3      | Found a hazy altar of Hepliaklqana.
  2126 | D:3      | Found a glowing silver altar of Zin.
  2310 | D:3      | Reached skill level 6 in Axes
  2773 | D:4      | Reached skill level 1 in Stealth
  2944 | D:4      | Reached XP level 7. HP: 44/61 MP: 7/7
  3115 | D:4      | Reached skill level 7 in Axes
  3115 | D:4      | Reached skill level 5 in Armour
  3261 | D:4      | Reached skill level 1 in Dodging
  3262 | D:4      | Noticed Edmund
  3274 | D:4      | Killed Edmund
  3470 | D:5      | Entered Level 5 of the Dungeon
  3605 | D:5      | Reached XP level 8. HP: 40/69 MP: 8/8
  3817 | D:5      | Reached skill level 8 in Axes
  4282 | D:5      | Found a staircase to the Ecumenical Temple.
  4287 | Temple   | Entered the Ecumenical Temple
  4407 | Temple   | Became a worshipper of Gozag Ym Sagoz the Greedy
  4545 | D:5      | Found an ancient bone altar of Kikubaaqudgha.
  4854 | D:2      | Killed Crazy Yiuf
  5219 | D:6      | Reached skill level 9 in Axes
  5245 | D:6      | Found a sand-covered staircase.
  5255 | Ossuary  | Entered an ossuary
  5886 | D:6      | Reached skill level 5 in Shields
  5886 | D:6      | Reached XP level 9. HP: 78/78 MP: 9/9
  5994 | D:6      | Found Hattaik's Armour Emporium.
  6008 | D:6      | Bought a +2 chain mail of poison resistance for 222 gold
                  | pieces
  6037 | D:6      | Found a basalt altar of Yredelemnul.
  6066 | D:6      | Reached skill level 10 in Axes
  6135 | D:6      | Identified the +2 arbalest "Fieteb" {venom, rF+ Str+7 SInv}
  6727 | D:7      | Reached skill level 11 in Axes
  7353 | D:7      | Reached skill level 12 in Axes
  7474 | D:7      | Found a sacrificial altar of Ru.
  7475 | D:7      | Found a shadowy altar of Dithmenos.
  8008 | D:8      | Reached XP level 10. HP: 79/86 MP: 10/10
  8298 | D:8      | Reached skill level 13 in Axes
  8573 | D:8      | Found a staircase to the Lair.
  8620 | D:8      | Found Xicak's Book Shoppe.
  9112 | D:9      | Reached skill level 1 in Evocations
  9513 | D:9      | Noticed Joseph
  9525 | D:9      | Killed Joseph
  9780 | D:9      | Found a runed translucent gate.
  9780 | D:9      | Found a runed translucent gate.
  9780 | D:9      | Found an opulent altar of Gozag.
  9780 | D:9      | Found a runed translucent gate.
  9781 | D:9      | Noticed a wizard
  9785 | D:9      | Noticed malcoda's ghost (journeyman NaBe)
  9791 | D:9      | Found Toyj's Assorted Antiques.
  9823 | D:9      | Killed a wizard
  9824 | D:9      | Reached skill level 14 in Axes
  9824 | D:9      | Reached XP level 11. HP: 69/95 MP: 11/11
  9842 | D:9      | Noticed a spark wasp
  9842 | D:9      | a dream sheep changed into a spark wasp
  9880 | D:10     | Entered Level 10 of the Dungeon
  9932 | D:10     | Reached skill level 1 in Throwing
  9957 | D:10     | Noticed a cyclops
  9973 | D:10     | Slain by a cyclops

Illustrated notes

Levels and vault maps discovered:
D:1:      nzn_arrival_settlement, layout_rooms, ebering_ecumenical_altar_ruins
D:2:      layout_loops_corners, basic_altar, uniq_crazy_yiuf_cottage,
          uniq_terence, uniq_sigmund
D:3:      layout_loops_ring, minitemple, minmay_divided_ellipse
D:4:      layout_basic, uniq_edmund
D:5:      layout_rooms, lemuel_zombie_altar_kikubaaqudgha, temple_doors_e,
          minmay_misc_feat_square, nicolae_figureground_pulse
D:6:      hellmonk_destroyed_diamonds, layout_cave_pools,
          yredelemnul_forgotten_temple_becter, serial_shops, shop,
          enter_ossuary_4, kennysheep_generic_room_12
D:7:      layout_basic, nicolae_overflow_hidden_temple
D:8:      layout_basic, due_lair_maze_entry_diamond, serial_shops,
          nicolae_shop_competitors_out_of_business
D:9:      layout_irregular_city, ebering_ghost_gozag, uniq_joseph
D:10:     layout_irregular_city, grunt_temple_overflow_lords_of_destruction,
          gammafunk_ghost_grave, uniq_josephine
Temple:   minmay_temple_curvy_branch

Skill      XL: |  1  2  3  4  5  6  7  8  9 10 11 |
---------------+----------------------------------+-----
Fighting       | 4 5 6 7 8 |  8.9
Axes           | 3 5 6 7 9 12 14 | 14.2
Armour         | 4 5 7 8 |  8.9
Shields        | 4 5 6 |  6.4
Stealth        | 1 2 3 |  3.0
Dodging        | 1 2 |  2.6
Evocations     | 2 3 |  3.2
Throwing       | 1 |  1.0

Action                   |  1- 3 |  4- 6 |  7- 9 | 10-12 || total
-------------------------+-------+-------+-------+-------++-------
Melee: War axe           |    79 |   153 |   391 |   233 ||   856
Throw: Dart              |       |    12 |     1 |     3 ||    16
Evoke: Wand              |       |       |       |     1 ||     1
  Use: Potion            |     2 |     2 |     6 |     4 ||    14
       Scroll            |       |     6 |     9 |     2 ||    17
 Stab: Distracted        |       |       |     3 |     5 ||     8
       Invisible         |       |       |       |     2 ||     2
Armor: Scale mail        |    41 |    14 |       |       ||    55
       Chain mail        |       |    61 |   174 |   108 ||   343
Dodge: Dodged            |    43 |    57 |   112 |    62 ||   274
Block: Buckler           |    12 |    35 |    82 |    52 ||   181
